 Dungeon Crawl Stone Soup version 0.31.0-4-g52a2dc7128 (webtiles) character file.

Game seed: 7761278688015886693

45899 Yore the Holy Warrior (level 14, -1/138 HPs)
             Began as a Gargoyle Fighter on Jan 21, 2024.
             Was a Priest of the Shining One.
             Slain by a komodo dragon (17 damage)
             ... on level 4 of the Lair of Beasts on Jan 22, 2024.
             The game lasted 00:44:50 (17947 turns).

Yore the Holy Warrior (Gargoyle Fighter)           Turns: 17947, Time: 00:44:50

Health: -1/138     AC: 34    Str: 22    XL:     14   Next: 35%
Magic:  25/25      EV:  2    Int:  8    God:    the Shining One [***...]
Gold:   1548       SH:  8    Dex: 13    Spells: 13/13 levels left

rFire   . . .        b - +0 flail (protect)
rCold   . . .        j - +1 buckler {reflect}
rNeg    + + +        c - melded +3 plate armour
rPois   ∞            J - melded +0 mask of the Dragon {Will+ Slay+3 SInv}
rElec   .            t - melded scarf {repulsion}
rCorr   .            (gloves currently unavailable)
SInv    .            (boots currently unavailable)
Will    ++...        w - amulet of regeneration
Stlth   +            E - ring of positive energy
HPRegen 1.23/turn    H - ring of willpower
MPRegen 0.19/turn

%: reflection
@: tree-form, under a protective aura, glowing
A: stationary, stasis, torment immunity, boosted hp, sickness immunity, AC +10,
(big wings), negative energy resistance 1, (electricity resistance), torment
resistance 1, petrification resistance, (deformed body), (teleportitis 1)
a: Renounce Religion, Divine Shield, Cleansing Flame


You were on level 4 of the Lair of Beasts.
You worshipped the Shining One.
The Shining One was most pleased with you.
You were a tree.
You visited 2 branches of the dungeon, and saw 18 of its levels.
You also visited: Sewer.

You collected 1548 gold pieces.

Inventory:

Hand Weapons
 b - a +0 flail of protection (weapon)
Missiles
 k - 153 stones
 r - 2 boomerangs (quivered)
 y - 8 javelins
Armour
 c - a +3 plate armour (melded)
 j - a +1 buckler of reflection (worn)
 t - a scarf of repulsion (melded)
 J - the +0 mask of the Dragon (melded) {Will+ Slay+3 SInv}
   (You found it on level 1 of the Lair of Beasts)

   Slay+3:    It affects your accuracy & damage with ranged weapons and melee
   (+3).
   Will+:     It increases your willpower.
   SInv:      It lets you see invisible.
Jewellery
 i - a ring of ice
 w - an amulet of regeneration (around neck)
 E - a ring of positive energy (left branch)
 H - a ring of willpower (right branch)
Wands
 e - a wand of iceblast (5)
 x - a wand of light (4)
 C - a wand of digging (3)
Scrolls
 a - a scroll of blinking
 d - a scroll of revelation
 f - a scroll of amnesia
 m - a scroll of enchant armour {unknown}
 n - a scroll of enchant weapon
 o - 2 scrolls of silence
 q - 5 scrolls of poison
 s - 3 scrolls of fog
 u - a scroll of immolation
 v - 2 scrolls of torment {unknown}
 z - a scroll of brand weapon {unknown}
 B - a scroll of vulnerability
 I - a scroll of butterflies {unknown}
Potions
 h - 3 potions of resistance
 l - 4 potions of enlightenment
 p - 2 potions of cancellation
 A - 3 potions of curing
 D - 2 potions of lignification
 F - a potion of magic
 G - a potion of attraction
 K - a potion of haste


   Skills:
 + Level 12.2 Fighting
 + Level 11.0 Maces & Flails
 + Level 11.0 Armour
 + Level 11.1 Shields
 * Level 15.5 Invocations


You had 13 spell levels left.
You didn't know any spells.
Your spell library contained the following spells:

 Spells                   Type           Power      Damage    Failure   Level
 Apportation              Tloc           0%         N/A       43%         1
 Foxfire                  Conj/Fire      0%         2x1d4     43%         1
 Freeze                   Ice            0%         1d3       43%         1
 Magic Dart               Conj           0%         1d3       43%         1
 Blink                    Tloc           0%         N/A       58%         2
 Call Imp                 Summ           0%         N/A       58%         2
 Ensorcelled Hibernation  Hex/Ice        0%         N/A       58%         2
 Jinxbite                 Hex            0%         N/A       58%         2
 Scorch                   Fire           0%         2d5       58%         2
 Dazzling Flash           Conj/Hex       0%         N/A       82%         3
 Frozen Ramparts          Ice            0%         1d1       82%         3
 Hailstorm                Conj/Ice       0%         3d5       82%         3
 Inner Flame              Hex/Fire       0%         N/A       82%         3
 Ozocubu's Armour         Ice            0%         N/A       82%         3
 Sigil of Binding         Hex            0%         N/A       82%         3
 Tukima's Dance           Hex            0%         N/A       82%         3
 Flame Wave               Conj/Fire      0%         2d4       99%         4
 Petrify                  Alch/Erth      0%         N/A       99%         4
 Sticky Flame             Fire/Alch      0%         2d4       99%         4
 Summon Blazeheart Golem  Fire/Summ      0%         N/A       99%         4
 Alistair's Intoxication  Alch           0%         N/A       100%        5
 Irradiate                Conj/Alch      0%         3d11      100%        5
 Metabolic Englaciation   Hex/Ice        0%         N/A       100%        5
 Summon Forest            Summ/Tloc      0%         N/A       100%        5
 Summon Mana Viper        Hex/Summ       0%         N/A       100%        5
 Plasma Beam              Fire/Air       0%         2x1d10    100%        6
 Sculpt Simulacrum        Ice/Alch       0%         N/A       100%        6
 Starburst                Conj/Fire      0%         6d3       100%        6
 Summon Cactus Giant      Summ           0%         N/A       100%        6
 Orb of Destruction       Conj           0%         9d5       100%        7
 Spellforged Servitor     Conj/Summ      0%         N/A       100%        7
 Sublimation of Blood     Necr           Unusable   N/A       N/A         2

Dungeon Overview and Level Annotations

Branches:
Dungeon (13/15)            Temple (0/1) D:7            Lair (5/5) D:11
 Shoals (0/4) Lair:3       Spider (0/4) Lair:3        Slime (0/5) Lair:4
    Orc (0/2) D:10          Sewer (visited)
 Vaults: D:13-14

Altars:
Cheibriados
Dithmenos
Elyvilon
Fedhas
Makhleb
Okawaru
Sif Muna
Uskayaw
Vehumet
Wu Jian
Yredelemnul
The Shining One
Jiyva

Shops:
D:4 :

Annotations:
D:2 1 runed translucent door, Crazy Yiuf
D:8 3 runed translucent doors, LoggersVIII's ghost, novice OpEE
D:13 Urug


Innate Abilities, Weirdness & Mutations

You are a tree.
Your roots penetrate the ground, keeping you stationary.
You cannot be teleported.
You are immune to unholy pain and torment.
Your maximum health is greatly increased.
Your equipment is partially melded.
You are immune to sickness and miasma.
((Your stone body is resilient. (AC +10)))
You are immune to poison.
((Your large and strong wings let you fly.))
You resist negative energy. (rN+)
((You are resistant to electric shocks. (rElec)))
You are resistant to unholy torment.
You are immune to petrification.
((Armour fits poorly on your strangely shaped body.))
((You are occasionally teleported next to monsters.))


Message History

The water moccasin bites you but does no damage.
The komodo dragon bites you!
The komodo dragon bites you but does no damage.
The cane toad barely misses you.
The water moccasin completely misses you.
The water moccasin bites you.
* * * LOW HITPOINT WARNING * * *
You feel much better.
The komodo dragon bites you but does no damage.
The water moccasin bites you.
The water moccasin bites you but does no damage.
The komodo dragon barely misses you. The cane toad stings you!
Unknown command.
You sock the komodo dragon!
You kill the komodo dragon!
The water moccasin bites you but does no damage. x2
The komodo dragon bites you but does no damage.
The cane toad stings you!
* * * LOW HITPOINT WARNING * * *
You feel better.
You block the water moccasin's attack. x2
The cane toad stings you but does no damage.
The komodo dragon bites you!!
* * * LOW HITPOINT WARNING * * *
The water moccasin bites you but does no damage.
The water moccasin bites you.
* * * LOW HITPOINT WARNING * * *
You feel better. The cane toad stings you!
* * * LOW HITPOINT WARNING * * *
The water moccasin bites you.
* * * LOW HITPOINT WARNING * * *
You block the water moccasin's attack. The komodo dragon bites you.
* * * LOW HITPOINT WARNING * * *
Unknown command.
Okay, then.
You feel better.
The water moccasin bites you but does no damage.
You block the cane toad's attack.
The water moccasin bites you but does no damage.
The komodo dragon bites you!
You die...

.~~~~~~..###..⌠......#.⌠.⌠.##..#=
..~..~..## ########..#....†#...#.
#..###### ##°..........#.† .###
##.#......##.##P. ##
##.☼#..#####...... #
##°☼☼#☼°○°....##... #
#○.○☼..°......#....
#lSS○○○.☼#.#.#.....
##♣F.○°°........... # ####
##†.○°°.☼..:.....) # #..#####
###☼............. ## #......##
##°☼☼.......... .#
####......######.☼☼....#.... .###
#.#...........###.○...#.....
...###............###..○#####....
...##P.............#..### ##...
..###...............#.# #P..


You could see a komodo dragon, a cane toad and 2 water moccasins.

Vanquished Creatures
  3 hydras
  A catoblepas (Lair:2)
  A boulder beetle (D:12)
  11 death yaks
  A tengu warrior (D:10)
  Lodul (D:12)
  A lindwurm (Lair:3)
  An orc knight (D:10)
  2 cyclopes (D:12)
  A manticore (D:11)
  11 elephants
  A meliai (Lair:3)
  7 black mambas
  A water nymph (Lair:3)
  8 cane toads
  A gargoyle (D:10)
  9 rime drakes
  An unseen horror (D:12)
  A kobold demonologist (D:10)
  7 komodo dragons
  A tengu conjurer (D:10)
  A troll (D:10)
  4 polar bears
  Grinder (D:6)
  Prince Ribbit (D:9)
  A hornet (D:9)
  5 blink frogs
  Sigmund (D:2)
  3 shadows
  8 wyverns
  A vampire (D:12)
  4 wraiths
  33 yaks
  11 basilisks
  3 steam dragons
  3 vampire mosquitoes
  2 acid dragons
  9 water moccasins
  5 orc warriors
  4 black bears
  2 ice beasts (D:5)
  10 ogres
  10 wolves
  2 centaurs (D:8)
  2 phantoms (D:6)
  A kobold brigand (D:6)
  Blork the orc (D:5)
  11 bullfrogs
  2 scorpions (D:5)
  A gnoll sergeant (D:11)
  3 wights
  11 killer bees
  6 electric eels
  3 howler monkeys
  2 bombardier beetles
  A hound (D:5)
  6 jellies
  A gnoll bouda (D:9)
  5 orc priests
  2 sleepcaps
  Ijyb (D:3)
  3 iguanas
  8 orc wizards
  14 hell rats
  9 gnolls
  9 river rats
  16 adders
  2 shadow imps
  2 white imps
  10 ribbon worms
  2 dart slugs
  29 orcs
  17 endoplasms
  7 giant cockroaches
  13 hobgoblins
  5 jackals
  A quokka (D:1)
  11 ball pythons
  11 bats
  4 frilled lizards
  8 goblins
  12 kobolds
  6 rats
453 creatures vanquished.

Vanquished Creatures (others)
  A deep elf pyromancer (D:11)
  An electric eel (Lair:3)
  A gnoll (D:11)
3 creatures vanquished.

Grand Total: 456 creatures vanquished

Notes
Turn   | Place    | Note
-------+----------+-------------------------------------------
     0 | D:1      | Yore the Gargoyle Fighter began the quest for the Orb.
     0 | D:1      | Reached XP level 1. HP: 14/14 MP: 1/1
   314 | D:1      | Reached XP level 2. HP: 19/19 MP: 2/2
   571 | D:1      | Found a faded altar of an unknown god.
   637 | D:1      | Reached XP level 3. HP: 24/24 MP: 3/3
   966 | D:2      | Noticed Sigmund
   975 | D:2      | Killed Sigmund
   976 | D:2      | Reached XP level 4. HP: 10/30 MP: 4/4
   976 | D:2      | Reached XP level 5. HP: 11/34 MP: 5/5
  1100 | D:2      | Reached XP level 6. HP: 34/40 MP: 6/6
  1236 | D:2      | Reached skill level 5 in Fighting
  1356 | D:2      | Found a runed translucent door.
  1357 | D:2      | Noticed Crazy Yiuf
  2410 | D:3      | Noticed Ijyb
  2436 | D:3      | Killed Ijyb
  2944 | D:4      | Reached XP level 7. HP: 30/44 MP: 7/7
  3081 | D:4      | Found a shimmering blue altar of Sif Muna.
  3117 | D:4      | Found Raliyv's Book Shoppe.
  3211 | D:4      | Identified the +0 ring mail of Hide-and-Seek {rF+}
  3670 | D:4      | Found a basalt altar of Yredelemnul.
  3753 | D:5      | Entered Level 5 of the Dungeon
  3898 | D:5      | Reached skill level 5 in Maces & Flails
  3959 | D:5      | Reached skill level 5 in Armour
  3959 | D:5      | Reached skill level 5 in Shields
  4140 | D:6      | Reached XP level 8. HP: 35/52 MP: 8/8
  4343 | D:5      | Found a glowing drain.
  4353 | Sewer    | Entered a sewer
  5208 | D:5      | Noticed Blork the orc
  5224 | D:5      | Killed Blork the orc
  5328 | D:6      | Found a glowing golden altar of the Shining One.
  5340 | D:6      | Became a worshipper of the Shining One
  5411 | D:6      | Found a shadowy altar of Dithmenos.
  5430 | D:6      | Found an ornate altar of the Wu Jian Council.
  5506 | D:6      | Reached skill level 1 in Invocations
  5610 | D:6      | Reached skill level 2 in Invocations
  5623 | D:6      | Reached skill level 3 in Invocations
  5655 | D:6      | Noticed Grinder
  5663 | D:6      | Killed Grinder
  5664 | D:6      | Reached skill level 4 in Invocations
  5664 | D:6      | Reached XP level 9. HP: 54/57 MP: 12/12
  5804 | D:7      | Found a staircase to the Ecumenical Temple.
  5814 | D:7      | Reached skill level 5 in Invocations
  5963 | D:7      | Found a blossoming altar of Fedhas.
  6065 | D:7      | Found a radiant altar of Vehumet.
  6101 | D:7      | Reached skill level 6 in Invocations
  6118 | D:7      | Found a burning altar of Makhleb.
  6437 | D:7      | Reached skill level 7 in Invocations
  6456 | D:7      | Found an iron altar of Okawaru.
  6559 | D:7      | Found a white marble altar of Elyvilon.
  6849 | D:8      | Reached skill level 8 in Invocations
  7019 | D:8      | Reached * piety under the Shining One
  7044 | D:8      | Reached XP level 10. HP: 64/64 MP: 16/16
  7089 | D:8      | Reached skill level 9 in Invocations
  7310 | D:8      | Found a runed translucent gate.
  7310 | D:8      | Noticed LoggersVIII's ghost (novice OpEE)
  7311 | D:8      | Found a runed translucent gate.
  7312 | D:8      | Found a runed translucent gate.
  7810 | D:9      | Noticed Prince Ribbit
  7826 | D:9      | Killed Prince Ribbit
  8040 | D:9      | Reached skill level 10 in Invocations
  8133 | D:9      | Reached XP level 11. HP: 38/69 MP: 18/18
  8174 | D:9      | Found a hide-covered altar of Uskayaw.
  8469 | D:10     | Entered Level 10 of the Dungeon
  8816 | D:10     | Gained mutation: You have hidden genetic defects. [a
                  | neqoxec]
  9121 | D:10     | Noticed a tengu warrior
  9155 | D:10     | Killed a tengu warrior
  9301 | D:10     | Found a snail-covered altar of Cheibriados.
  9336 | D:10     | Found a staircase to the Orcish Mines.
  9689 | D:10     | Noticed an orc knight
  9714 | D:10     | Killed an orc knight
  9715 | D:10     | Reached skill level 11 in Invocations
  9717 | D:10     | Gained mutation: Armour fits poorly on your strangely
                  | shaped body. [hidden defects]
 10212 | D:11     | Gained mutation: You are occasionally teleported next to
                  | monsters. [hidden defects]
 10212 | D:11     | Lost mutation: You have hidden genetic defects. [hidden
                  | defects expressed]
 10325 | D:11     | Noticed a deep elf pyromancer
 10334 | D:11     | Killed a deep elf pyromancer
 10353 | D:11     | Found a staircase to the Lair.
 10538 | D:11     | Noticed a manticore
 10557 | D:11     | Killed a manticore
 11111 | D:12     | Noticed a cyclops
 11139 | D:12     | Killed a cyclops
 11178 | D:12     | Reached XP level 12. HP: 77/77 MP: 20/20
 11198 | D:12     | Noticed a boulder beetle
 11493 | D:12     | Reached skill level 10 in Fighting
 11493 | D:12     | Reached skill level 12 in Invocations
 11780 | D:12     | Noticed Lodul
 12012 | D:12     | Reached ** piety under the Shining One
 12118 | D:12     | Killed Lodul
 12208 | D:12     | Killed a boulder beetle
 12418 | D:13     | Noticed Urug
 12444 | Lair:1   | Entered Level 1 of the Lair of Beasts
 12544 | Lair:1   | Found a gate leading to a gauntlet.
 12876 | Lair:3   | Noticed a four-headed hydra
 13052 | Lair:4   | Noticed a death yak
 13053 | Lair:4   | Noticed a death yak
 13053 | Lair:4   | Reached *** piety under the Shining One
 13105 | Lair:4   | Killed a death yak
 13119 | Lair:4   | Found a staircase to the Slime Pits.
 13120 | Lair:4   | Found a viscous altar of Jiyva.
 13198 | Lair:4   | Noticed a four-headed hydra
 13206 | Lair:4   | Reached skill level 13 in Invocations
 13216 | Lair:4   | Killed a four-headed hydra
 13344 | Lair:4   | Reached XP level 13. HP: 84/84 MP: 23/23
 13925 | Lair:3   | Reached skill level 10 in Shields
 13932 | Lair:3   | Reached skill level 10 in Maces & Flails
 14004 | Lair:3   | Reached skill level 10 in Armour
 14004 | Lair:3   | Reached skill level 14 in Invocations
 14009 | Lair:3   | Found a hole to the Spider Nest.
 14253 | Lair:3   | Got the Notes on Malediction
 16163 | Lair:1   | Gained mutation: Your large and strong wings let you fly.
                  | [Gargoyle growth]
 16163 | Lair:1   | Reached XP level 14. HP: 47/91 MP: 25/25
 16206 | Lair:1   | Reached skill level 15 in Invocations
 16245 | Lair:1   | Found the +0 mask of the Dragon {Will+ Slay+3 SInv}
 16791 | Lair:4   | You are sucked into a shaft and drop 1 floor!
 16791 | Lair:5   | Entered Level 5 of the Lair of Beasts
 17946 | Lair:4   | HP: 6/138 [komodo dragon (2)]
 17947 | Lair:4   | Slain by a komodo dragon

Illustrated notes

Levels and vault maps discovered:
D:1:      orjb1_lava_funnel, layout_loops_ring,
          ebering_ecumenical_altar_sacrificial,
          nicolae_concentric_dashed_squares_mild
D:2:      cheibrodos_greedy_goblins, layout_rooms, minmay_divided_ellipse,
          uniq_crazy_yiuf_cottage, uniq_sigmund
D:3:      layout_basic, uniq_ijyb
D:4:      layout_cave_pods, mainiacjoe_overflow_small_starburst,
          marbit_many_paths, serial_shops, nicolae_shop_rolling_square
D:5:      layout_rooms, lightli_sewer_entry_pipes, uniq_blork_the_orc
D:6:      layout_cave_pools, mainiacjoe_overflow_cross_hatched,
          mainiacjoe_overflow_catwalk_spiral, uniq_grinder
D:7:      layout_loops_ring, lemuel_doored_altar, mainiacjoe_overflow_24_doors,
          okawaru_trees_2, mainiacjoe_overflow_brackets,
          nicolae_overflow_hidden_temple, minmay_temple_entry_statues
D:8:      layout_cave_pools, gammafunk_ghost_nasty_kobolds,
          minmay_tree_intersection, feat_on_display
D:9:      layout_roguey, nicolae_uskayaw_dance_hall, uniq_prince_ribbit1
D:10:     layout_layer_cave, slow_altar_1, orc_david_3
D:11:     layout_basic, hangedman_abyss_or_decor_passed
D:12:     layout_irregular_city, uniq_lodul
D:13:     layout_cave_pools, serial_glass, glass_columns_b, glass_columns_c,
          serial_park_tiny_pond, nicolae_elyvilon_temple_path, uniq_urug
Lair:1:   layout_cave_shapes, gauntlet_entry_generic, grunt_megastairs_1
Lair:2:   layout_concentric_octagons
Lair:3:   layout_hall_layers, nicolae_shoals_entry_flooding,
          hellmonk_spider_entry_not_the_bees, gammafunk_lair_bear_cave,
          infiniplex_staircase_pool
Lair:4:   layout_cave_pods, nicolae_slime_entry_slimehenge, special_room
          [special_room_mythical_zoo], grunt_megastairs_2, lemuel_fruit_tree,
          infiniplex_staircase_pool_2
Lair:5:   due_jungle_book, layout_long_grid, lemuel_oklob_altar

Skill      XL: |  1  2  3  4  5  6  7  8  9 10 11 12 13 14 |
---------------+-------------------------------------------+-----
Fighting       | 4 5 6 7 8 9 10 11 12 | 12.2
Maces & Flails | 3 4 5 6 7 8 9 10 11 | 11.0
Armour         | 4 5 6 7 8 9 10 11 | 11.0
Shields        | 4 5 6 7 8 9 10 11 | 11.1
Invocations    | 4 8 10 11 13 14 15 | 15.5

Action                     |  1- 3 |  4- 6 |  7- 9 | 10-12 | 13-15 || total
---------------------------+-------+-------+-------+-------+-------++-------
  Melee: Flail             |   115 |   158 |   491 |  1136 |   913 ||  2813
  Throw: Stone             |     1 |     2 |       |       |       ||     3
         Boomerang         |       |     5 |    44 |    66 |    33 ||   148
 Invoke: Divine Shield     |       |       |     1 |    13 |    11 ||    25
  Evoke: Wand              |       |     2 |     5 |     4 |       ||    11
    Use: Potion            |     1 |     2 |     2 |     3 |    11 ||    19
         Scroll            |       |       |    16 |     8 |     6 ||    30
 Armour: Scale mail        |    87 |   131 |       |       |       ||   218
         Ring mail         |       |    10 |   404 |   317 |       ||   731
         Plate armour      |       |       |       |   576 |   951 ||  1527
         Skin              |       |       |       |       |    56 ||    56
  Dodge: Dodged            |    54 |    69 |   277 |   315 |   267 ||   982
         Repelled          |       |       |       |     5 |     5 ||    10
  Block: Buckler           |    23 |    38 |   153 |   540 |   614 ||  1368
         Reflection        |       |       |       |     4 |       ||     4
